 Dungeon Crawl Stone Soup version 0.31.0-9-g3a7656b989 (webtiles) character file.

Game seed: 7689822166054131392

58797 qw the Crack Shot (level 14, 0/86 HPs)
             Began as a Deep Elf Hunter on Feb 2, 2024.
             Was a High Priest of Okawaru.
             Succumbed to Amaemon's poison
             ... on level 11 of the Dungeon.
             The game lasted 00:02:41 (13429 turns).

qw the Crack Shot (Deep Elf Hunter)                Turns: 13429, Time: 00:02:41

Health: 0/86       AC: 13    Str: 13    XL:     14   Next: 50%
Magic:  23/23      EV: 26    Int: 23    God:    Okawaru [*****.]
Gold:   585        SH:  0    Dex: 20    Spells: 13/13 levels left

rFire   + . .        s - +5 hand cannon of the Poles {flame, Int+4}
rCold   + . .        (no shield)
rNeg    . . .        t - +2 leather armour "Balaiku" {rC+ rCorr Slay+3}
rPois   +            v - +2 hat {Int+3}
rElec   .            m - +2 cloak
rCorr   +            c - +2 pair of gloves
SInv    .            (no boots)
Will    ++...        i - amulet of regeneration
Stlth   +++          A - ring of Kindness {rPois rCorr Str+3 Stlth+}
HPRegen 1.14/turn    w - +5 ring of evasion
MPRegen 0.18/turn

%: no passive effects
@: lethally poisoned (0 -> -2)
A: antennae 1, fire resistance 1, strong-willed 1
a: Renounce Religion, Heroism, Finesse, Duel


You were on level 11 of the Dungeon.
You worshipped Okawaru.
Okawaru was extremely pleased with you.
You visited 3 branches of the dungeon, and saw 17 of its levels.
You also visited: Sewer.

You collected 942 gold pieces.
You spent 357 gold pieces at shops.


Innate Abilities, Weirdness & Mutations

You have a pair of small antennae on your head.
Your flesh is heat resistant. (rF+)
You are strong-willed. (Will+)


   Skills:
 - Level 9.0 Fighting
 - Level 24.0 Ranged Weapons
 + Level 2.6 Armour
 - Level 13.0 Dodging
 - Level 1.2 Stealth
 - Level 10.0 Invocations


You had 13 spell levels left.
You didn't know any spells.
Your spell library was empty.

Inventory:

Hand Weapons
 s - the +5 hand cannon of the Poles (weapon) {flame, Int+4}
   (You acquired it on level 1 of the Lair of Beasts)

   Int+4:     It affects your intelligence (+4).
Armour
 c - a +2 pair of gloves (worn)
 m - a +2 cloak (worn)
 n - a +2 ring mail of willpower
 t - the +2 leather armour "Balaiku" (worn) {rC+ rCorr Slay+3}
   (You bought it in a shop on level 6 of the Dungeon)

   Slay+3:    It affects your accuracy & damage with ranged weapons and melee
   (+3).
   rC+:       It protects you from cold.
   rCorr:     It protects you from acid and corrosion.
 v - a +2 hat of intelligence (worn)
 z - a +1 hat
Jewellery
 f - a ring of ice
 g - a +6 ring of strength
 i - an amulet of regeneration (around neck)
 w - a +5 ring of evasion (right hand)
 A - the ring of Kindness (left hand) {rPois rCorr Str+3 Stlth+}
   (You acquired it on level 10 of the Dungeon)

   [ring of poison resistance]

   Str+3:     It affects your strength (+3).
   rPois:     It protects you from poison rCorr: It protects you from acid and
   corrosion.
   Stlth+:    It makes you more stealthy.
 Y - a ring of protection from fire
Wands
 h - a wand of roots (37)
 p - a wand of quicksilver (10)
 u - a wand of digging (3)
 x - a wand of mindburst (5)
Scrolls
 k - 8 scrolls of identify
 r - a scroll of enchant armour
 y - a scroll of brand weapon
Potions
 a - 2 potions of might
 b - 3 potions of mutation
 e - 7 potions of curing
 j - 6 potions of enlightenment
 l - 3 potions of haste
 o - 2 potions of resistance
 B - a potion of cancellation

Dungeon Overview and Level Annotations

Branches:
Dungeon (11/15)            Temple (1/1) D:6            Lair (5/5) D:8
  Swamp (0/4) Lair:3        Snake (0/4) Lair:3        Slime (0/5) Lair:5
    Orc (0/2) D:10          Sewer (visited)

Altars:
Ashenzari
Cheibriados
Dithmenos
Elyvilon
Fedhas
Gozag
Hepliaklqana
Kikubaaqudgha
Makhleb
Nemelex Xobeh
Okawaru
Qazlal
Ru
Sif Muna
Trog
Uskayaw
Vehumet
Wu Jian
Xom
Yredelemnul
Zin
The Shining One
Lugonu

Shops:
D:6 [   D:8 *   D:10 !

Portals:
Abyss: Lair:5
Bailey: D:10

Annotations:
D:4 4 runed translucent doors, Crazy Yiuf; qw's ghost, amateur DEHu
D:8 exclusion: 2 electric eels
D:11 3 runed translucent doors, Amaemon; qw's ghost, journeyman DgHu


Message History

The skeletal warrior hits you with a +0 flail.
The skeletal warrior closely misses you.
The skeletal warrior completely misses you.
You shoot a bolt.
The bolt barely misses the skeletal warrior.
The skeletal warrior hits you with a +0 battleaxe!
The skeletal warrior hits you with a +0 flail.
The skeletal warrior hits you from afar with a +0 glaive!
The skeletal warrior barely misses you.
You shoot a bolt. The bolt hits the skeletal warrior!
The bolt burns the skeletal warrior.
The skeletal warrior is moderately damaged.
The skeletal warrior barely misses you.
The skeletal warrior hits you with a +0 flail!
The skeletal warrior completely misses you.
The skeletal warrior hits you from afar with a +0 halberd!
You shoot a bolt. The bolt hits the skeletal warrior!
The bolt burns the skeletal warrior.
The skeletal warrior is heavily damaged.
Your surroundings suddenly seem different.
Amaemon, an orange demon and a vampire come into view.
Amaemon is wielding a -2 demon whip of venom.
The orange demon screeches!
Amaemon shouts!
The orange demon completely misses you.
You shoot a bolt. The bolt hits Amaemon!!
The bolt burns Amaemon!
Amaemon is heavily wounded.
The orange demon completely misses you.
The vampire casts a spell.
The vampire flickers and vanishes!
Deactivating autopickup; reactivate with Ctrl-A.
The orange demon completely misses you. Amaemon hits you but does no damage.
You are poisoned.
Amaemon claws you but does no damage.
Amaemon tail-slaps you but does no damage.
You shoot a bolt. The bolt closely misses Amaemon.
You feel very sick. The orange demon stings you from afar.
Amaemon gestures wildly while chanting.
13429 ||| RETREEEEATING.
You die...

##
#..
##.##
....
#..#
#.{#
#..#
#@.#
#.0#
#.6#
#
#4ss
#.
s..##
#.
#####
#. #.
#.##
#...


You could see Amaemon, an orange demon and 3 scorpions.

Vanquished Creatures
  Gastronok (Lair:2)
  An eleionoma (Lair:3)
  2 hydras
  A boulder beetle (Lair:1)
  A death knight (D:11)
  4 death yaks (Lair:5)
  2 two-headed ogres (D:10)
  3 thrashing horrors (Lair:5)
  A skyshark (Lair:2)
  A skeletal warrior (D:11)
  A phantasmal warrior (D:11)
  Maurice (D:7)
  4 ugly things (Lair:5)
  27 elephants
  2 smoke demons (Lair:5)
  5 black mambas
  10 cane toads
  A torpor snail (Lair:1)
  Maggie (D:6)
  A large abomination (Lair:5)
  A gargoyle (D:11)
  2 rime drakes
  8 komodo dragons
  An unseen horror (shapeshifter) (Lair:5)
  3 trolls
  3 polar bears
  A hornet (D:7)
  Grinder (D:4)
  2 dream sheep (Lair:1)
  31 blink frogs
  A raiju (Lair:5)
  A shadow (D:9)
  A ynoxinul (Lair:5)
  6 wyverns
  54 yaks
  7 basilisks
  A chaos spawn (Lair:5)
  3 nagas (Lair:3)
  2 acid dragons
  14 water moccasins
  A crocodile (shapeshifter) (Lair:5)
  4 orc warriors
  2 black bears
  13 wolves
  4 ogres
  11 small abominations (Lair:5)
  A centaur (D:7)
  A phantom (D:5)
  11 bullfrogs
  4 kobold brigands
  Blork the orc (D:5)
  A gnoll sergeant (D:8)
  3 scorpions
  8 wights (D:6)
  21 killer bees
  2 howler monkeys
  5 electric eels
  A crimson imp (D:7)
  A quasit (D:7)
  4 hounds
  7 jellies
  6 orc priests
  3 sleepcaps
  Jessica (D:2)
  Natasha (twice) (D:4)
  3 iguanas
  8 orc wizards
  Robin (D:3)
  8 gnolls
  10 adders
  A shadow imp (D:7)
  7 white imps
  2 ufetubi (D:7)
  9 dart slugs
  A ribbon worm (D:4)
  22 orcs
  4 bats
  17 endoplasms
  20 giant cockroaches
  22 goblins
  11 hobgoblins
  19 kobolds
  9 quokkas
  11 ball pythons
  11 frilled lizards
  6 rats
533 creatures vanquished.

Notes
Turn   | Place    | Note
-------+----------+-------------------------------------------
     0 | D:1      | qw the Deep Elf Hunter began the quest for the Orb.
     0 | D:1      | Reached XP level 1. HP: 12/12 MP: 3/3
     0 | D:1      | 0 ||| qw: Version: 0.3-a-155-g5e7d8dd
     0 | D:1      | 0 ||| qw: Game counter: 573
     0 | D:1      | 0 ||| qw: Melee chars always use a shield: true
     0 | D:1      | 0 ||| qw: God list: Okawaru
     0 | D:1      | 0 ||| qw: Allow faded altars: false
     0 | D:1      | 0 ||| qw: Do Orc after clearing Dungeon:15 true
     0 | D:1      | 0 ||| qw: Do second Lair branch before Depths: true
     0 | D:1      | 0 ||| qw: Lair rune preference: random
     0 | D:1      | 0 ||| qw: Goals: Normal
     0 | D:1      | 0 ||| PLANNING D:1-11
   128 | D:1      | Found a faded altar of an unknown god.
   128 | D:1      | Noticed a quasit
   334 | D:1      | Reached skill level 6 in Ranged Weapons
   334 | D:1      | Reached XP level 2. HP: 16/16 MP: 4/4
   530 | D:1      | Reached XP level 3. HP: 20/20 MP: 5/5
   819 | D:1      | 819 ||| UPGRADING to +0 ring mail.
   829 | D:1      | 829 ||| DROPPING +0 leather armour.
   830 | D:1      | 830 ||| UPGRADING to amulet of guardian spirit.
   835 | D:1      | 835 ||| READING 2 scrolls labelled DUVYLAZOOS.
   839 | D:1      | 839 ||| READING scroll labelled ZYXARU MOREYM.
   839 | D:1      | 839 ||| IDENTIFYING ruby potion
   840 | D:1      | 840 ||| DRINKING 2 lumpy dark potions.
   945 | D:1      | 945 ||| DROPPING scroll of butterflies.
   946 | D:1      | 946 ||| DROPPING potion of berserk rage.
   972 | D:2      | Identified the +7 dagger "Imuacixt" {holy, Str+3 Dex+3
                  | Stlth+}
  1125 | D:2      | Found a broken altar of Ashenzari.
  1188 | D:2      | Reached skill level 7 in Ranged Weapons
  1434 | D:2      | Noticed Jessica
  1437 | D:2      | Killed Jessica
  1438 | D:2      | Reached XP level 4. HP: 25/25 MP: 6/6
  1481 | D:2      | 1481 ||| UPGRADING to +0 pair of gloves.
  1486 | D:2      | 1486 ||| UPGRADING to +5 ring of evasion.
  1487 | D:2      | 1487 ||| READING scroll labelled XIPSAQY KYNUICW.
  1487 | D:2      | 1487 ||| ENCHANTING +0 pair of gloves.
  1488 | D:2      | 1488 ||| READING scroll labelled QOISSE GALO.
  1489 | D:2      | 1489 ||| DRINKING 2 sedimented brown potions.
  1489 | D:2      | Gained mutation: Your flesh is heat resistant. (rF+)
                  | [potion of mutation]
  1489 | D:2      | Gained mutation: You have a pair of small antennae on your
                  | head. [potion of mutation]
  1489 | D:2      | Gained mutation: You are strong-willed. (Will+) [potion of
                  | mutation]
  1490 | D:2      | 1490 ||| DRINKING 2 murky ruby potions.
  1491 | D:2      | 1491 ||| DROPPING potion of invisibility.
  1493 | D:2      | 1493 ||| Stepping ~*~*~tactically~*~*~ (cloud).
  1500 | D:2      | HP: 6/25 [poisoned by you (poison gas)]
  1662 | D:3      | Noticed Robin
  1672 | D:3      | Killed Robin
  1681 | D:3      | Reached skill level 8 in Ranged Weapons
  1870 | D:3      | Reached XP level 5. HP: 29/29 MP: 5/7
  2096 | D:3      | Reached skill level 9 in Ranged Weapons
  2316 | D:3      | 2316 ||| UPGRADING to amulet of regeneration.
  2326 | D:3      | 2326 ||| DROPPING amulet of guardian spirit.
  2327 | D:3      | 2327 ||| UPGRADING to +6 ring of strength.
  2328 | D:3      | 2328 ||| DRINKING 2 viscous yellow potions.
  2329 | D:3      | 2329 ||| DROPPING potion of brilliance.
  2355 | D:4      | Noticed a black bear
  2365 | D:4      | Killed a black bear
  2366 | D:4      | Reached XP level 6. HP: 14/36 MP: 8/8
  2395 | D:4      | Found a stormy altar of Qazlal.
  2395 | D:4      | Noticed Grinder
  2398 | D:4      | Paralysed by Grinder for 2 turns
  2417 | D:4      | Paralysed by Grinder for 3 turns
  2428 | D:4      | Killed Grinder
  2495 | D:4      | Found a white marble altar of Elyvilon.
  2497 | D:4      | Found the +7 sceptre of Torment {pain, torment}
  2520 | D:4      | Reached XP level 7. HP: 40/40 MP: 9/9
  2524 | D:4      | Found a runed translucent gate.
  2525 | D:4      | Found a runed translucent gate.
  2525 | D:4      | Noticed qw's ghost (amateur DEHu)
  2526 | D:4      | Found a runed translucent gate.
  2526 | D:4      | Identified the +0 chain mail of Fun and Games {Regen+
                  | Str+5}
  2530 | D:4      | Identified the +1 hand axe "Weim" {freeze, rF+ Str+3}
  2819 | D:4      | Reached skill level 10 in Ranged Weapons
  2841 | D:4      | Found a runed translucent door.
  2842 | D:4      | Noticed Crazy Yiuf
  2886 | D:4      | Noticed Natasha
  2894 | D:4      | Killed Natasha
  3010 | D:4      | Noticed Natasha
  3015 | D:4      | Killed Natasha
  3051 | D:4      | 3051 ||| UPGRADING to +2 cloak.
  3056 | D:4      | 3056 ||| DROPPING amulet of the acrobat.
  3057 | D:4      | 3057 ||| READING scroll of identify.
  3057 | D:4      | 3057 ||| IDENTIFYING fizzy red potion
  3058 | D:4      | 3058 ||| READING scroll labelled FULINYRYTS.
  3059 | D:4      | 3059 ||| DRINKING 2 glowing red potions.
  3060 | D:4      | 3060 ||| DROPPING potion of magic.
  3110 | D:5      | Entered Level 5 of the Dungeon
  3111 | D:5      | 3111 ||| PLANNING SEWER
  3123 | D:5      | Found a hide-covered altar of Uskayaw.
  3150 | D:5      | Reached skill level 1 in Armour
  3279 | D:5      | Noticed Blork the orc
  3284 | D:5      | Killed Blork the orc
  3285 | D:5      | Reached skill level 11 in Ranged Weapons
  3345 | D:5      | Found a glowing golden altar of the Shining One.
  3431 | D:5      | Reached XP level 8. HP: 45/45 MP: 10/10
  3488 | D:5      | Found a glowing drain.
  3489 | D:5      | 3489 ||| READING scroll of identify.
  3489 | D:5      | 3489 ||| IDENTIFYING black potion
  3490 | D:5      | 3490 ||| DRINKING 2 fuming emerald potions.
  3494 | Sewer    | Entered a sewer
  3764 | Sewer    | Reached skill level 12 in Ranged Weapons
  3769 | Sewer    | Reached skill level 3 in Fighting
  3779 | Sewer    | 3779 ||| READING 3 scrolls labelled UFUYCU XAHIDGHU.
  3780 | Sewer    | 3780 ||| READING scroll labelled ANITHR UTITILEI.
  3801 | Sewer    | 3801 ||| READING scroll labelled LININTUEXT.
  3802 | Sewer    | 3802 ||| DROPPING 2 scrolls of blinking.
  3817 | D:5      | 3817 ||| PLANNING D:1-11
  4102 | D:6      | Found a radiant altar of Vehumet.
  4145 | D:6      | HP: 10/46 [gnoll/+1 spear of venom (3)]
  4146 | D:6      | 4146 ||| READING 4 scrolls of teleportation.
  4147 | D:6      | 4147 ||| DRINKING potion of heal wounds.
  4214 | D:6      | Reached skill level 13 in Ranged Weapons
  4258 | D:6      | Noticed Maggie
  4259 | D:6      | 4259 ||| DRINKING 3 potions of haste.
  4308 | D:6      | HP: 8/46 [Maggie/bolt of fire (5)]
  4309 | D:6      | 4309 ||| READING 3 scrolls of teleportation.
  4313 | D:6      | HP: 1/46 [Maggie/bolt of fire (10)]
  4315 | D:6      | Killed Maggie
  4316 | D:6      | Reached skill level 14 in Ranged Weapons
  4448 | D:6      | Found Tidunob's Antique Armour Emporium.
  4457 | D:6      | 4457 ||| BUYING shimmering leather armour (203 gold).
  4457 | D:6      | Bought a shimmering leather armour for 203 gold pieces
  4457 | D:6      | Identified the +2 leather armour "Balaiku" {rC+ rCorr
                  | Slay+3} (You bought it in a shop on level 6 of the Dungeon)
  4500 | D:6      | Found a staircase to the Ecumenical Temple.
  4501 | D:6      | 4501 ||| PLANNING TEMPLE
  4501 | D:6      | 4501 ||| UPGRADING to +2 ring mail of willpower.
  4511 | D:6      | 4511 ||| DROPPING +0 ring mail.
  4512 | D:6      | 4512 ||| UPGRADING to +2 leather armour "Balaiku" {rC+
                  | rCorr Slay+3}.
  4522 | D:6      | 4522 ||| UPGRADING to +2 ring mail of willpower.
  4527 | D:6      | 4527 ||| UPGRADING to +2 leather armour "Balaiku" {rC+
                  | rCorr Slay+3}.
  4537 | D:6      | 4537 ||| DROPPING ring of resist corrosion.
  4538 | D:6      | 4538 ||| READING 2 scrolls of identify.
  4538 | D:6      | 4538 ||| IDENTIFYING golden potion
  4539 | D:6      | 4539 ||| READING scroll of identify.
  4539 | D:6      | 4539 ||| IDENTIFYING scroll labelled CUVUARH DEMI
  4540 | D:6      | 4540 ||| READING scroll labelled FEGOUTY ZANUDGH.
  4541 | D:6      | 4541 ||| DROPPING scroll of noise.
  4551 | Temple   | Entered the Ecumenical Temple
  4552 | Temple   | 4552 ||| PLANNING OKAWARU WORSHIP
  4560 | Temple   | Became a worshipper of Warmaster Okawaru
  4561 | Temple   | 4561 ||| PLANNING D:1-11
  4664 | D:6      | Reached XP level 9. HP: 51/51 MP: 11/11
  4864 | D:6      | 4864 ||| RETREEEEATING.
  4866 | D:6      | 4866 ||| RETREEEEATING.
  4868 | D:6      | 4868 ||| RETREEEEATING.
  4870 | D:6      | 4870 ||| RETREEEEATING.
  4872 | D:6      | 4872 ||| RETREEEEATING.
  4877 | D:6      | Reached skill level 6 in Dodging
  5208 | D:7      | 5208 ||| RETREEEEATING.
  5217 | D:7      | Reached * piety under Okawaru
  5229 | D:7      | Reached skill level 1 in Invocations
  5292 | D:7      | 5292 ||| SWAPPING to +0 orcbow.
  5293 | D:7      | 5293 ||| DROPPING +0 shortbow.
  5337 | D:7      | Noticed Maurice
  5338 | D:7      | 5338 ||| INVOKING Heroism.
  5357 | D:7      | Reached skill level 3 in Invocations
  5365 | D:7      | Killed Maurice
  5365 | D:7      | Reached ** piety under Okawaru
  5380 | D:7      | Reached skill level 15 in Ranged Weapons
  5515 | D:7      | Found a shimmering altar of Xom.
  5515 | D:7      | Found a burning altar of Makhleb.
  5619 | D:8      | Noticed a troll
  5621 | D:8      | 5621 ||| STAIRDANCE
  5632 | D:8      | 5632 ||| STAIRDANCE
  5643 | D:7      | Reached XP level 10. HP: 45/56 MP: 15/15
  5655 | D:8      | 5655 ||| STAIRDANCE
  5701 | D:8      | 5701 ||| STAIRDANCE
  5711 | D:8      | 5711 ||| STAIRDANCE
  5738 | D:8      | 5738 ||| STAIRDANCE
  5742 | D:7      | Reached skill level 16 in Ranged Weapons
  5755 | D:8      | 5755 ||| RETREEEEATING.
  5759 | D:8      | 5759 ||| RETREEEEATING.
  5760 | D:8      | 5760 ||| RETREEEEATING.
  5761 | D:8      | 5761 ||| RETREEEEATING.
  5762 | D:8      | 5762 ||| RETREEEEATING.
  5763 | D:8      | 5763 ||| RETREEEEATING.
  5764 | D:8      | 5764 ||| RETREEEEATING.
  5769 | D:8      | 5769 ||| RETREEEEATING.
  5817 | D:8      | Found a staircase to the Lair.
  5852 | D:8      | 5852 ||| RETREEEEATING.
  5860 | D:8      | Reached *** piety under Okawaru
  5987 | D:8      | Found a sparkling altar of Nemelex Xobeh.
  6031 | D:8      | HP: 13/58 [electric eel/bolt of electricity (15)]
  6032 | D:8      | 6032 ||| READING 2 scrolls of teleportation.
  6033 | D:8      | 6033 ||| DRINKING 2 potions of heal wounds.
  6285 | D:8      | Found a broken altar of Ashenzari.
  6334 | D:8      | Found an opulent altar of Gozag.
  6343 | D:8      | Found Gozag's Platinum Reserve.
  6587 | D:8      | 6587 ||| PLANNING LAIR
  6587 | D:8      | 6587 ||| READING scroll of identify.
  6587 | D:8      | 6587 ||| IDENTIFYING grey potion
  6601 | Lair:1   | Entered Level 1 of the Lair of Beasts
  6601 | Lair:1   | Noticed a torpor snail
  6602 | Lair:1   | 6602 ||| ZAPPING wand of quicksilver (2) at -5,3 (torpor
                  | snail; floor).
  6603 | Lair:1   | 6603 ||| INVOKING Heroism.
  6604 | Lair:1   | 6604 ||| DRINKING 4 potions of haste.
  6605 | Lair:1   | 6605 ||| ZAPPING wand of quicksilver (1) at -3,1 (torpor
                  | snail; floor).
  6610 | Lair:1   | Killed a torpor snail
  6611 | Lair:1   | Reached skill level 9 in Dodging
  6685 | Lair:1   | 6685 ||| RETREEEEATING.
  6686 | Lair:1   | 6686 ||| RETREEEEATING.
  6696 | Lair:1   | 6696 ||| INVOKING Heroism.
  6699 | Lair:1   | 6699 ||| DRINKING 3 potions of haste.
  6707 | Lair:1   | Reached **** piety under Okawaru
  6708 | Lair:1   | Reached skill level 6 in Fighting
  6773 | Lair:1   | Noticed a cane toad
  6774 | Lair:1   | 6774 ||| INVOKING Finesse.
  6781 | Lair:1   | Killed a cane toad
  6896 | Lair:1   | Noticed a boulder beetle
  6897 | Lair:1   | 6897 ||| INVOKING Finesse.
  6922 | Lair:1   | Killed a boulder beetle
  6923 | Lair:1   | Reached skill level 6 in Invocations
  6923 | Lair:1   | Reached XP level 11. HP: 64/64 MP: 12/17
  7220 | Lair:1   | 7220 ||| RETREEEEATING.
  7221 | Lair:1   | 7221 ||| RETREEEEATING.
  7222 | Lair:1   | 7222 ||| RETREEEEATING.
  7232 | Lair:1   | 7232 ||| INVOKING Finesse.
  7298 | Lair:1   | 7298 ||| READING scroll of enchant armour.
  7298 | Lair:1   | 7298 ||| ENCHANTING +1 pair of gloves.
  7470 | Lair:1   | 7470 ||| RETREEEEATING.
  7472 | Lair:1   | 7472 ||| RETREEEEATING.
  7487 | Lair:1   | 7487 ||| RETREEEEATING.
  7489 | Lair:1   | 7489 ||| RETREEEEATING.
  7498 | Lair:1   | Reached ***** piety under Okawaru
  7737 | Lair:1   | 7737 ||| READING 3 scrolls of identify.
  7737 | Lair:1   | 7737 ||| IDENTIFYING metallic orange potion
  7738 | Lair:1   | 7738 ||| READING 2 scrolls of identify.
  7738 | Lair:1   | 7738 ||| IDENTIFYING dark potion
  7739 | Lair:1   | 7739 ||| READING scroll of identify.
  7739 | Lair:1   | 7739 ||| IDENTIFYING scroll labelled YSUXTI KUFOPP
  7739 | Lair:1   | Identified a scroll of acquirement
  7740 | Lair:1   | 7740 ||| READING scroll of acquirement.
  7740 | Lair:1   | 7740 ||| ACQUIRING +5 hand cannon of the Poles {flame,
                  | Int+4}
  7740 | Lair:1   | Acquired the +5 hand cannon of the Poles {flame, Int+4}
  7742 | Lair:1   | 7742 ||| SWAPPING to +5 hand cannon of the Poles {flame,
                  | Int+4}.
  7743 | Lair:1   | 7743 ||| DROPPING +0 orcbow.
  7744 | Lair:1   | 7744 ||| DROPPING potion of degeneration.
  7745 | Lair:1   | 7745 ||| DROPPING potion of lignification.
  7956 | Lair:2   | 7956 ||| RETREEEEATING.
  7966 | Lair:2   | 7966 ||| RETREEEEATING.
  7967 | Lair:2   | 7967 ||| RETREEEEATING.
  7969 | Lair:2   | 7969 ||| RETREEEEATING.
  7972 | Lair:2   | Reached skill level 9 in Invocations
  7975 | Lair:2   | 7975 ||| RETREEEEATING.
  7976 | Lair:2   | 7976 ||| RETREEEEATING.
  7977 | Lair:2   | 7977 ||| RETREEEEATING.
  7978 | Lair:2   | 7978 ||| RETREEEEATING.
  7986 | Lair:2   | Received a gift from Okawaru
  7987 | Lair:2   | Reached skill level 17 in Ranged Weapons
  8007 | Lair:2   | You fall into a shaft and drop 1 floor!
  8021 | Lair:3   | Reached XP level 12. HP: 70/70 MP: 21/21
  8081 | Lair:3   | 8081 ||| RETREEEEATING.
  8082 | Lair:3   | 8082 ||| RETREEEEATING.
  8083 | Lair:3   | 8083 ||| RETREEEEATING.
  8084 | Lair:3   | 8084 ||| RETREEEEATING.
  8085 | Lair:3   | 8085 ||| RETREEEEATING.
  8086 | Lair:3   | 8086 ||| RETREEEEATING.
  8087 | Lair:3   | 8087 ||| RETREEEEATING.
  8088 | Lair:3   | 8088 ||| RETREEEEATING.
  8229 | Lair:2   | Noticed Gastronok
  8230 | Lair:2   | 8230 ||| FLEEEEING.
  8240 | Lair:2   | 8240 ||| INVOKING Finesse.
  8250 | Lair:2   | Killed Gastronok
  8250 | Lair:2   | Received a gift from Okawaru
  8251 | Lair:2   | Reached skill level 18 in Ranged Weapons
  8681 | Lair:2   | 8681 ||| UPGRADING to +2 hat of intelligence.
  8749 | Lair:3   | Found a staircase to the Swamp.
  8749 | Lair:3   | Noticed an eleionoma
  8750 | Lair:3   | 8750 ||| INVOKING Finesse.
  8756 | Lair:3   | Killed an eleionoma
  8757 | Lair:3   | Reached skill level 19 in Ranged Weapons
  8812 | Lair:3   | 8812 ||| RETREEEEATING.
  8813 | Lair:3   | 8813 ||| RETREEEEATING.
  8814 | Lair:3   | 8814 ||| RETREEEEATING.
  8818 | Lair:3   | 8818 ||| RETREEEEATING.
  8819 | Lair:3   | 8819 ||| RETREEEEATING.
  8822 | Lair:3   | 8822 ||| RETREEEEATING.
  8928 | Lair:3   | 8928 ||| RETREEEEATING.
  8929 | Lair:3   | 8929 ||| RETREEEEATING.
  8930 | Lair:3   | 8930 ||| RETREEEEATING.
  8931 | Lair:3   | 8931 ||| RETREEEEATING.
  8932 | Lair:3   | 8932 ||| RETREEEEATING.
  8933 | Lair:3   | 8933 ||| RETREEEEATING.
  9083 | Lair:3   | Reached skill level 20 in Ranged Weapons
  9093 | Lair:3   | Noticed a four-headed hydra
  9094 | Lair:3   | 9094 ||| INVOKING Finesse.
  9097 | Lair:3   | Killed a four-headed hydra
  9294 | Lair:3   | Found a staircase to the Snake Pit.
  9578 | Lair:3   | 9578 ||| UPGRADING to ring of protection from fire.
  9580 | Lair:3   | 9580 ||| READING 5 scrolls of identify.
  9580 | Lair:3   | 9580 ||| IDENTIFYING scroll labelled KIGOER GOTI
  9682 | Lair:4   | 9682 ||| RETREEEEATING.
  9698 | Lair:4   | Reached skill level 21 in Ranged Weapons
  9744 | Lair:4   | Noticed a six-headed hydra
  9745 | Lair:4   | 9745 ||| RETREEEEATING.
  9746 | Lair:4   | 9746 ||| INVOKING Finesse.
  9749 | Lair:4   | Killed a six-headed hydra
  9749 | Lair:4   | Received a gift from Okawaru
  9753 | Lair:4   | Reached XP level 13. HP: 74/74 MP: 16/22
  9866 | Lair:4   | Found the +16 obsidian axe {drain, demonic, Mesm ^Drain Fly
                  | SInv}
  9877 | Lair:4   | 9877 ||| RETREEEEATING.
  9878 | Lair:4   | 9878 ||| RETREEEEATING.
  9879 | Lair:4   | 9879 ||| RETREEEEATING.
  9880 | Lair:4   | 9880 ||| RETREEEEATING.
  9885 | Lair:4   | 9885 ||| RETREEEEATING.
  9886 | Lair:4   | 9886 ||| RETREEEEATING.
  9887 | Lair:4   | 9887 ||| RETREEEEATING.
  9889 | Lair:4   | 9889 ||| RETREEEEATING.
  9890 | Lair:4   | 9890 ||| RETREEEEATING.
  9896 | Lair:4   | 9896 ||| RETREEEEATING.
  9898 | Lair:4   | 9898 ||| RETREEEEATING.
  9899 | Lair:4   | 9899 ||| RETREEEEATING.
  9900 | Lair:4   | 9900 ||| RETREEEEATING.
  9901 | Lair:4   | 9901 ||| RETREEEEATING.
  9902 | Lair:4   | 9902 ||| RETREEEEATING.
  9903 | Lair:4   | 9903 ||| RETREEEEATING.
  9904 | Lair:4   | 9904 ||| RETREEEEATING.
  9906 | Lair:4   | 9906 ||| RETREEEEATING.
  9907 | Lair:4   | 9907 ||| RETREEEEATING.
  9959 | Lair:4   | Reached skill level 22 in Ranged Weapons
 10012 | Lair:4   | 10012 ||| RETREEEEATING.
 10013 | Lair:4   | 10013 ||| RETREEEEATING.
 10014 | Lair:4   | 10014 ||| RETREEEEATING.
 10015 | Lair:4   | 10015 ||| INVOKING Finesse.
 10370 | Lair:4   | 10370 ||| RETREEEEATING.
 10376 | Lair:4   | Received a gift from Okawaru
 10503 | Lair:5   | Entered Level 5 of the Lair of Beasts
 10508 | Lair:5   | 10508 ||| RETREEEEATING.
 10509 | Lair:5   | 10509 ||| RETREEEEATING.
 10510 | Lair:5   | 10510 ||| RETREEEEATING.
 10511 | Lair:5   | 10511 ||| RETREEEEATING.
 10512 | Lair:5   | 10512 ||| INVOKING Finesse.
 10521 | Lair:5   | 10521 ||| INVOKING Heroism.
 10526 | Lair:5   | HP: 18/74 [death yak (20)]
 10527 | Lair:5   | 10527 ||| READING 3 scrolls of teleportation.
 10529 | Lair:5   | Reached skill level 23 in Ranged Weapons
 10619 | Lair:5   | 10619 ||| RETREEEEATING.
 10620 | Lair:5   | 10620 ||| RETREEEEATING.
 10621 | Lair:5   | 10621 ||| RETREEEEATING.
 10622 | Lair:5   | 10622 ||| RETREEEEATING.
 10623 | Lair:5   | 10623 ||| RETREEEEATING.
 10624 | Lair:5   | 10624 ||| RETREEEEATING.
 10625 | Lair:5   | 10625 ||| RETREEEEATING.
 10626 | Lair:5   | 10626 ||| RETREEEEATING.
 10627 | Lair:5   | 10627 ||| RETREEEEATING.
 10628 | Lair:5   | 10628 ||| RETREEEEATING.
 10629 | Lair:5   | 10629 ||| RETREEEEATING.
 10630 | Lair:5   | 10630 ||| RETREEEEATING.
 10631 | Lair:5   | 10631 ||| RETREEEEATING.
 10632 | Lair:5   | 10632 ||| RETREEEEATING.
 10633 | Lair:5   | 10633 ||| RETREEEEATING.
 10634 | Lair:5   | 10634 ||| RETREEEEATING.
 10635 | Lair:5   | 10635 ||| RETREEEEATING.
 10636 | Lair:5   | 10636 ||| RETREEEEATING.
 10637 | Lair:5   | 10637 ||| RETREEEEATING.
 10641 | Lair:5   | 10641 ||| INVOKING Finesse.
 10642 | Lair:5   | 10642 ||| RETREEEEATING.
 10643 | Lair:5   | 10643 ||| RETREEEEATING.
 10644 | Lair:5   | 10644 ||| RETREEEEATING.
 10645 | Lair:5   | 10645 ||| RETREEEEATING.
 10668 | Lair:5   | 10668 ||| INVOKING Finesse.
 10768 | Lair:5   | 10768 ||| RETREEEEATING.
 10769 | Lair:5   | 10769 ||| RETREEEEATING.
 10770 | Lair:5   | 10770 ||| RETREEEEATING.
 10772 | Lair:5   | 10772 ||| RETREEEEATING.
 10776 | Lair:5   | 10776 ||| RETREEEEATING.
 10777 | Lair:5   | 10777 ||| RETREEEEATING.
 10778 | Lair:5   | 10778 ||| RETREEEEATING.
 10779 | Lair:5   | 10779 ||| RETREEEEATING.
 10780 | Lair:5   | 10780 ||| RETREEEEATING.
 10781 | Lair:5   | 10781 ||| RETREEEEATING.
 10782 | Lair:5   | 10782 ||| RETREEEEATING.
 10848 | Lair:5   | Received a gift from Okawaru
 10894 | Lair:5   | 10894 ||| RETREEEEATING.
 10895 | Lair:5   | 10895 ||| RETREEEEATING.
 10896 | Lair:5   | 10896 ||| RETREEEEATING.
 10897 | Lair:5   | 10897 ||| RETREEEEATING.
 10898 | Lair:5   | 10898 ||| RETREEEEATING.
 10899 | Lair:5   | 10899 ||| RETREEEEATING.
 10900 | Lair:5   | 10900 ||| RETREEEEATING.
 10922 | Lair:5   | Reached skill level 24 in Ranged Weapons
 11005 | Lair:5   | Found a staircase to the Slime Pits.
 11100 | Lair:5   | Reached XP level 14. HP: 70/82 MP: 23/23
 11108 | Lair:5   | 11108 ||| RETREEEEATING.
 11112 | Lair:5   | 11112 ||| INVOKING Finesse.
 11120 | Lair:5   | Reached skill level 12 in Dodging
 11278 | Lair:5   | 11278 ||| RETREEEEATING.
 11287 | Lair:5   | Received a gift from Okawaru
 11317 | Lair:5   | Found a corrupted altar of Lugonu.
 11317 | Lair:5   | Found a one-way gate to the infinite horrors of the Abyss.
 11324 | Lair:5   | 11324 ||| INVOKING Finesse.
 11906 | Lair:5   | 11906 ||| PLANNING D:1-11
 12107 | D:9      | Found an ornate altar of the Wu Jian Council.
 12343 | D:9      | 12343 ||| RETREEEEATING.
 12344 | D:9      | 12344 ||| RETREEEEATING.
 12345 | D:9      | 12345 ||| RETREEEEATING.
 12346 | D:9      | 12346 ||| RETREEEEATING.
 12347 | D:9      | 12347 ||| RETREEEEATING.
 12348 | D:9      | 12348 ||| RETREEEEATING.
 12349 | D:9      | 12349 ||| RETREEEEATING.
 12350 | D:9      | 12350 ||| RETREEEEATING.
 12662 | D:9      | 12662 ||| READING 8 scrolls of identify.
 12662 | D:9      | 12662 ||| IDENTIFYING scroll labelled ISULIR DA KOE
 12663 | D:9      | 12663 ||| DROPPING scroll of fog.
 12694 | D:10     | Entered Level 10 of the Dungeon
 12695 | D:10     | 12695 ||| STAIRDANCE
 12704 | D:10     | 12704 ||| STAIRDANCE
 12753 | D:10     | 12753 ||| STAIRDANCE
 12771 | D:10     | Found a staircase to the Orcish Mines.
 12812 | D:10     | Found a flagged portal.
 12821 | D:10     | Identified the +4 hand axe "Qiru" {vamp, *Rage rPois Will+}
 12947 | D:10     | 12947 ||| READING scroll of acquirement.
 12947 | D:10     | 12947 ||| ACQUIRING ring of Kindness {rPois rCorr Str+3
                  | Stlth+}
 12947 | D:10     | Acquired the ring of Kindness {rPois rCorr Str+3 Stlth+}
 12949 | D:10     | 12949 ||| UPGRADING to ring of Kindness {rPois rCorr Str+3
                  | Stlth+}.
 12951 | D:10     | Found a shimmering blue altar of Sif Muna.
 12963 | D:10     | Received a gift from Okawaru
 12967 | D:10     | Found Elivoamn's Distillery.
 12975 | D:10     | 12975 ||| BUYING potion of cancellation (88 gold).
 12975 | D:10     | Bought a potion of cancellation for 88 gold pieces
 12975 | D:10     | 12975 ||| BUYING potion of curing (33 gold).
 12975 | D:10     | Bought a potion of curing for 33 gold pieces
 12975 | D:10     | 12975 ||| BUYING potion of curing (33 gold).
 12975 | D:10     | Bought a potion of curing for 33 gold pieces
 13228 | D:10     | 13228 ||| UPGRADING to +5 ring of evasion.
 13230 | D:10     | 13230 ||| READING 7 scrolls of identify.
 13230 | D:10     | 13230 ||| IDENTIFYING scroll labelled BUONOL VERUEQO
 13231 | D:10     | 13231 ||| DROPPING scroll of immolation.
 13299 | D:11     | Found a runed translucent gate.
 13299 | D:11     | Found a runed translucent gate.
 13299 | D:11     | Found a runed translucent gate.
 13302 | D:11     | Noticed qw's ghost (journeyman DgHu)
 13346 | D:11     | 13346 ||| RETREEEEATING.
 13347 | D:11     | 13347 ||| RETREEEEATING.
 13349 | D:11     | 13349 ||| RETREEEEATING.
 13350 | D:11     | 13350 ||| RETREEEEATING.
 13351 | D:11     | 13351 ||| RETREEEEATING.
 13352 | D:11     | 13352 ||| RETREEEEATING.
 13353 | D:11     | 13353 ||| RETREEEEATING.
 13355 | D:11     | 13355 ||| RETREEEEATING.
 13356 | D:11     | 13356 ||| INVOKING Finesse.
 13357 | D:11     | HP: 15/84 [mirror damage (16)]
 13358 | D:11     | 13358 ||| READING 2 scrolls of teleportation.
 13359 | D:11     | 13359 ||| DRINKING 2 potions of heal wounds.
 13361 | D:11     | Reached skill level 9 in Fighting
 13411 | D:11     | 13411 ||| RETREEEEATING.
 13412 | D:11     | 13412 ||| RETREEEEATING.
 13413 | D:11     | 13413 ||| RETREEEEATING.
 13414 | D:11     | 13414 ||| RETREEEEATING.
 13421 | D:11     | HP: 19/86 [skeletal warrior/+0 halberd (11)]
 13422 | D:11     | 13422 ||| READING scroll of teleportation.
 13423 | D:11     | 13423 ||| DRINKING potion of heal wounds.
 13425 | D:11     | HP: 5/86 [skeletal warrior/+0 halberd (11)]
 13426 | D:11     | Noticed Amaemon
 13428 | D:11     | HP: 1/86 [orange demon[Amaemon] (4)]
 13429 | D:11     | 13429 ||| RETREEEEATING.
 13429 | D:11     | Succumbed to Amaemon's poison

Levels and vault maps discovered:
D:1:      eino_arrival_tree_alley, layout_basic, serial_corexii_hall,
          corexii_hall_statues_x, corexii_hall_statues_i,
          corexii_hall_statues_i, chequers_hall_statues_y,
          dreamdust_ecumenical_altar_sealed_demon
D:2:      layout_loops_cross, basic_altar, uniq_jessica
D:3:      layout_loops_cross, uniq_robin
D:4:      kb_forest_paths, layout_rooms, mainiacjoe_overflow_catwalk,
          kennysheep_little_box, biasface_ghost_orc_armoury, uniq_natasha,
          uniq_grinder, uniq_crazy_yiuf_cottage
D:5:      layout_cave_pools, nicolae_overflow_crystal_walls,
          lemuel_coloured_pillars_altar,
          mainiacjoe_sewer_entry_somewhere_in_here_2, item_on_display_a,
          uniq_blork_the_orc
D:6:      layout_basic, mainiacjoe_overflow_tiny_flanked,
          minmay_temple_entry_proselytizer, serial_shops,
          nicolae_shop_dealshenge, kennysheep_crisscross, uniq_maggie
D:7:      layout_rooms, grunt_temple_overflow_champion_of_chaos, serial_demonic,
          serial_demonic_e, serial_demonic_b, serial_demonic_a,
          serial_demonic_d, uniq_maurice
D:8:      layout_rooms, nicolae_gozag_zags_fifth_avenue,
          nemelex_xobeh_ov_fountains_minmay, nicolae_ashenzari_skybound,
          erik_lair_island, serial_aquarium, aquarium_bridge_island_large
          [aquarium_subvault_large_4_pools, aquarium_subvault_window,
          aquarium_subvault_bridge, aquarium_subvault_bridge,
          aquarium_subvault_wall], aquarium_window_corridor_1,
          aquarium_window_corner, aquarium_window_1, aquarium_view_2b,
          aquarium_balcony_3a
D:9:      layout_gridville, mainiacjoe_overflow_brackets, grunt_ministairs_6
D:10:     layout_rooms, mainiacjoe_overflow_concentric_impassable,
          minmay_orc_entry_temple_small, serial_shops, shop, enter_bailey_2,
          chequers_jeans
D:11:     layout_basic, maelrawn_ghost_gauntlet_escape, uniq_amaemon
Temple:   eino_temple_lava
Lair:1:   layout_gridlike, serial_bayou_shore_b, lemuel_fruit_fields,
          serial_bayou_shore_a, grunt_megastairs_1, serial_bayou_shore_b
Lair:2:   layout_loops_ring, grunt_megastairs_2, infiniplex_staircase_pool_2,
          lemuel_fruit_tree, uniq_gastronok
Lair:3:   layout_regular_city, alex1729_swamp_entry_worm_eleionoma,
          nicolae_snake_entry_squirm
Lair:4:   layout_regular_city, dreamdust_deal_with_the_devil,
          amcnicky_mini_pool_medium, grunt_megastairs_3
Lair:5:   hellmonk_lair_end_abyssal_woods, layout_layer_cave,
          nicolae_slime_entry_slimehenge

Skill      XL: |  1  2  3  4  5  6  7  8  9 10 11 12 13 14 |
---------------+-------------------------------------------+-----
Ranged Weapons | 6 7 8 9 11 14 15 16 17 21 24 | 24.0
Fighting       | 2 3 4 6 7 9 |  9.0
Dodging        | 5 7 10 11 13 | 13.0
Armour         | 1 2 |  2.6
Invocations    | 4 6 9 10 | 10.0
Stealth        | |  1.2

Action                     |  1- 3 |  4- 6 |  7- 9 | 10-12 | 13-15 || total
---------------------------+-------+-------+-------+-------+-------++-------
   Fire: Shortbow          |    96 |   201 |   522 |       |       ||   819
         Orcbow            |       |       |    73 |   358 |       ||   431
         Hand cannon       |       |       |       |   228 |   539 ||   767
 Invoke: Heroism           |       |       |     1 |     2 |     1 ||     4
         Finesse           |       |       |       |     7 |     7 ||    14
  Evoke: Wand              |       |       |       |     2 |       ||     2
    Use: Scroll            |     2 |     2 |    11 |     8 |     6 ||    29
         Potion            |     1 |     3 |     4 |     3 |     2 ||    13
 Armour: Ring mail         |     7 |    73 |    54 |       |       ||   134
         Leather armour    |     1 |       |    14 |   104 |   145 ||   264
  Dodge: Dodged            |    13 |    98 |   180 |   287 |   408 ||   986

Table legend:
 A = Non-vault XP
 B = Vault XP
 C = Vault XP percentage of total XP
 D = Non-vault monster count
 E = Vault monster count
 F = Vault count percentage of total count
                 A         B        C        D         E       F
            +---------+---------+-------+---------+---------+-------
      Total |   60041 |   23955 |  28.5 |     366 |     167 |  31.3
            +---------+---------+-------+---------+---------+-------
        D:1 |      47 |       0 |   0.0 |      27 |       0 |   0.0
        D:2 |      30 |      37 |  55.2 |      11 |       1 |   8.3
        D:3 |     134 |      35 |  20.7 |      23 |      12 |  34.3
        D:4 |     443 |     422 |  48.8 |      21 |       8 |  27.6
        D:5 |     253 |     105 |  29.3 |       5 |       7 |  58.3
        D:6 |    1129 |     456 |  28.8 |      26 |       2 |   7.1
        D:7 |    1431 |    1443 |  50.2 |      16 |      15 |  48.4
        D:8 |    1285 |     269 |  17.3 |      22 |       3 |  12.0
        D:9 |    3095 |     254 |   7.6 |      38 |       5 |  11.6
       D:10 |    2089 |     218 |   9.4 |       8 |       4 |  33.3
       D:11 |    2824 |       0 |   0.0 |      14 |       0 |   0.0
     Lair:1 |    7427 |     531 |   6.7 |      31 |       2 |   6.1
     Lair:2 |    6717 |    2037 |  23.3 |      20 |       3 |  13.0
     Lair:3 |    8998 |    1562 |  14.8 |      35 |       4 |  10.3
     Lair:4 |    8725 |    3938 |  31.1 |      23 |      13 |  36.1
     Lair:5 |   15414 |   12360 |  44.5 |      46 |      48 |  51.1
      Sewer |       0 |     288 | 100.0 |       0 |      40 | 100.0
            +---------+---------+-------+---------+---------+-------
